 Dungeon Crawl Stone Soup version 0.25.1-2-g60ff931df9 (webtiles) character file.

Game seed: 2232597363577309754

141 Chimkentus the Vexing (level 5, -14/34 HPs)
             Began as an Octopode Arcane Marksman on Aug 16, 2020.
             Was an Initiate of Dithmenos.
             Demolished by an ogre
             ... wielding a +0 giant spiked club
              (24 damage)
             ... on level 4 of the Dungeon.
             The game lasted 00:16:04 (2237 turns).

Chimkentus the Vexing (Octopode Arcane Marksman)    Turns: 2237, Time: 00:16:05

Health: -14/34     AC:  8    Str: 11    XL:     5   Next: 24%
Magic:  6/7        EV: 13    Int: 15    God:    Dithmenos [......]
Gold:   104        SH:  0    Dex: 12    Spells: 1/7 levels left

rFire    . . .     SeeInvis .   p - +0 dagger (protect)
rCold    . . .     Gourm    .   (no shield)
rNeg     . . .     Faith    .   (helmet restricted)
rPois    .         Spirit   .   u - amulet of magic regeneration
rElec    .         Reflect  .   n - ring of resist corrosion
rCorr    +         Harm     .   (no ring)
MR       .....                  (no ring)
Stlth    +++.......             (no ring)
HPRegen  0.11/turn              (no ring)
MPRegen  0.35/turn              (no ring)
                                (no ring)
                                (no ring)

@: protection aura
A: almost no armour, stealthy swim, amphibious, 8 rings, constrict 8, camouflage
1, gelatinous body 1
a: Renounce Religion


You were on level 4 of the Dungeon.
You worshipped Dithmenos.
Dithmenos was noncommittal.
You were not hungry.

You visited 1 branch of the dungeon, and saw 4 of its levels.

You collected 104 gold pieces.

Inventory:

Hand Weapons
 b - a +0 dagger
 k - a +0 club
 p - a +0 dagger of protection (weapon)
 r - a +0 rapier
 t - a +0 spear
 v - a +0 whip
 x - a +0 short sword
Missiles
 e - 101 stones (quivered)
 m - 10 arrows
 s - 18 sling bullets
Jewellery
 n - a ring of resist corrosion (left tentacle)
 u - an amulet of magic regeneration (around mantle)
Wands
 c - a wand of random effects (13)
Scrolls
 a - 4 scrolls of remove curse
 f - 2 scrolls of identify
 i - a scroll of enchant weapon {unknown}
 j - a scroll of random uselessness {unknown}
 w - a scroll of fog {unknown}
 y - a scroll of blinking {unknown}
 B - a scroll of noise {unknown}
 C - a scroll of teleportation
Potions
 g - a potion of mutation {unknown}
 h - a potion of curing {unknown}
 l - a potion of heal wounds {unknown}
 q - a potion of degeneration {unknown}
 z - 3 potions of haste
 E - a potion of lignification {unknown}
Comestibles
 d - 5 rations
 o - 2 chunks of flesh


   Skills:
 * Level 1.9 Fighting
 + Level 0.1 Short Blades
 + Level 2.6 Throwing
 * Level 2.5 Dodging
 + Level 1.2 Stealth
 + Level 1.6 Spellcasting
 * Level 4.4 Hexes


You had one spell level left.
You knew the following spells:

 Your Spells              Type           Power        Failure   Level  Hunger
a - Corona                Hex            ##.....      3%          1    ##.....
b - Slow                  Hex            ##......     6%          2    ###....
c - Inner Flame           Hex/Fire       #.......     28%         3    ####...

Your spell library contained the following spells:

 Spells                   Type           Power        Failure   Level  Hunger
 Portal Projectile        Hex/Tloc       #.....       28%         3    ####...
 Cause Fear               Hex            ##........   36%         4    #####..
 Leda's Liquefaction      Hex/Erth       #.........   67%         4    #####..


Dungeon Overview and Level Annotations

Branches:
Dungeon (4/15)
 Temple: D:4-7

Altars:
Dithmenos
Okawaru
Ru
Trog
Uskayaw

Annotations:
D:3 Grinder


Innate Abilities, Weirdness & Mutations

You cannot wear most types of armour.
You are very stealthy in the water. (Stealth+)
You are amphibious.
You can wear up to eight rings at the same time.
You can use your tentacles to constrict eight enemies at once.
Your skin changes colour to match your surroundings (Stealth+).
Your rubbery body absorbs attacks. (AC +1, EV +1)


Message History

You hit the ogre but do no damage.
The ogre is severely wounded.
The ogre closely misses you.
Some of the chunks of flesh in your inventory have rotted away.
You hit the ogre.
The ogre is severely wounded.
The ogre hits you with a +0 giant spiked club!!
Ouch! That really hurt!
* * * LOW HITPOINT WARNING * * *
Casting: Corona (safe; 3% risk of failure)
Confirm with . or Enter, or press ? or * to list all spells.
Aiming: Slow (safe; 6% risk of failure)
Press: ? - help, Shift-Dir - straight line, f/p - ogre
Aim: an ogre, wielding a +0 giant spiked club (severely wounded, chance to defeat MR: 50%)
The ogre seems to slow down.
You hit the ogre.
The ogre is almost dead.
The ogre hits you with a +0 giant spiked club!!
Ouch! That really hurt!
You die...

#.......#########...#
#........O......#
####(####.####### #
##...###.#
#.##.....##.#
#.#.......#.#
#...........#
###...O...#.#
##..@..##.#
##<..###.. ##.## ####
###


You could see an ogre (slow).

Vanquished Creatures
  Jessica (D:3)
  Ijyb (D:3)
  A gnoll (D:3)
  2 adders (D:2)
  3 oozes
  A worm (D:2)
  2 dart slugs
  3 leopard geckos
  3 orcs (D:3)
  2 giant cockroaches (D:2)
  3 goblins
  5 hobgoblins
  7 kobolds
  2 bats
  2 frilled lizards (D:1)
  3 rats
  2 plants (D:1)
43 creatures vanquished.

Notes
Turn   | Place    | Note
-------+----------+-------------------------------------------
     0 | D:1      | Chimkentus the Octopode Arcane Marksman began the quest for
                  | the Orb.
     0 | D:1      | Reached XP level 1. HP: 13/13 MP: 2/2
    86 | D:1      | Reached XP level 2. HP: 18/18 MP: 0/3
    90 | D:1      | Learned a level 2 spell: Slow
   824 | D:2      | Found a sacrificial altar of Ru.
   825 | D:2      | Found a hide-covered altar of Uskayaw.
   971 | D:2      | Reached XP level 3. HP: 23/23 MP: 1/4
  1071 | D:2      | Found a bloodstained altar of Trog.
  1217 | D:3      | Noticed Ijyb
  1223 | D:3      | Noticed Jessica
  1227 | D:3      | Killed Jessica
  1227 | D:3      | Reached XP level 4. HP: 22/29 MP: 1/5
  1370 | D:2      | Reached skill level 4 in Hexes
  1534 | D:2      | Found an iron altar of Okawaru.
  1772 | D:3      | Killed Ijyb
  1772 | D:3      | Reached skill level 1 in Stealth
  1772 | D:3      | Reached XP level 5. HP: 26/34 MP: 7/7
  1787 | D:3      | Found a shadowy altar of Dithmenos.
  1793 | D:3      | Became a worshipper of Dithmenos the Shadowed
  1941 | D:3      | Noticed Grinder
  2093 | D:3      | Learned a level 3 spell: Inner Flame
  2199 | D:4      | Noticed an ogre
  2237 | D:4      | Demolished by an ogre

Illustrated notes

Levels and vault maps discovered:
D:1:      minmay_arrival_five_plusses, layout_basic, serial_bayou_pond_c
D:2:      layout_rooms, chequers_temple_overflow_statue_of_worship,
          gammafunk_temple_overflow_pools
D:3:      layout_rooms, nicolae_overflow_crystal_walls, uniq_grinder, uniq_ijyb,
          uniq_jessica
D:4:      layout_loops_ring, first_ration

Skill      XL: |  1  2  3  4 |
---------------+-------------+-----
Hexes          | 4 |  4.4
Stealth        | 1 |  1.2
Fighting       | |  1.9
Short Blades   | |  0.1
Throwing       | |  2.6
Dodging        | |  2.5
Spellcasting   | |  1.6

Action                   |  1- 3 |  4- 6 || total
-------------------------+-------+-------++-------
Melee: Unarmed           |    57 |       ||    57
       Club              |    15 |       ||    15
       Tentacles         |    17 |     9 ||    26
       Constrict         |     8 |    10 ||    18
       Dagger            |    18 |    46 ||    64
Throw: Javelin           |    28 |    18 ||    46
       Throwing net      |     3 |     2 ||     5
       Stone             |       |     1 ||     1
 Cast: Corona            |    15 |    14 ||    29
       Slow              |     4 |     9 ||    13
  Use: Scroll            |       |     3 ||     3
 Stab: Sleeping          |     2 |     2 ||     4
  Eat: Chunk             |     2 |     4 ||     6
Armor: Skin              |    10 |     4 ||    14
Dodge: Dodged            |    28 |    27 ||    55
